 Dungeon Crawl Stone Soup version 0.26.0-10-g1f06aea511 (webtiles) character file.

Game seed: 16970051162722381629

3892 funkygono the Thaumaturge (level 10, -9/109 HPs)
             Began as a Grey Draconian Fire Elementalist on Jan 27, 2021.
             Was a Priest of Vehumet.
             Mangled by a two-headed ogre
             ... wielding a +0 giant spiked club
              (10 damage)
             ... on level 10 of the Dungeon.
             The game lasted 00:25:51 (9269 turns).

funkygono the Thaumaturge (DrFE)                    Turns: 9269, Time: 00:25:52

Health: -9/109     AC: 25    Str: 11    XL:     10   Next: 0%
Magic:  20/22      EV:  2    Int: 19    God:    Vehumet [***...]
Gold:   403        SH:  0    Dex: 11    Spells: 15/25 levels left

rFire    + . .     SeeInvis .   s - +2 mace (holy)
rCold    x . .     Faith    .   (no shield)
rNeg     + + +     Spirit   .   (armour unavailable)
rPois    +         Reflect  .   (helmet currently unavailable)
rElec    .         Harm     .   (cloak currently unavailable)
rCorr    .         Rampage  .   (gloves currently unavailable)
Will     .....     NoTele   +   (boots currently unavailable)
Stlth    ++........             (no amulet)
HPRegen  0.28/turn              v - ring of fire
MPRegen  0.18/turn              f - +4 ring of evasion

@: tree-form
A: (walk through water), unfitting armour, AC +12
a: Renounce Religion


You were on level 10 of the Dungeon.
You worshipped Vehumet.
Vehumet was most pleased with you.
You were a tree.
You visited 1 branch of the dungeon, and saw 9 of its levels.

You collected 403 gold pieces.

Inventory:

Hand Weapons
 s - a +2 mace of holy wrath (weapon)
 w - a +0 whip of electrocution
 y - a +2 quarterstaff of speed
Missiles
 d - 106 stones
Armour
 c - a +1 pair of boots (melded)
Magical Staves
 z - a cursed staff of cold
Jewellery
 b - an uncursed ring of resist corrosion
 f - a +4 ring of evasion (right branch)
 t - an uncursed ring of protection from fire
 v - a ring of fire (left branch)
Wands
 k - a wand of flame (23)
 n - a wand of enslavement (7)
 A - a wand of random effects (53)
Scrolls
 e - 2 scrolls of identify
 j - 3 scrolls of fear
 o - 3 scrolls of immolation
 r - a scroll of amnesia
 x - a scroll of remove curse
Potions
 a - a potion of brilliance {unknown}
 g - a potion of lignification
 h - a potion of invisibility {unknown}
 i - 4 potions of curing
 l - a potion of berserk rage {unknown}
 m - a potion of might {unknown}
 p - a potion of heal wounds
 q - 2 potions of ambrosia
 u - a potion of haste


   Skills:
 + Level 1.8 Fighting
 + Level 2.3 Maces & Flails
 + Level 3.8 Dodging
 + Level 2.6 Stealth
 + Level 8.2 Spellcasting
 + Level 6.5 Conjurations
 + Level 1.8 Hexes
 + Level 8.0 Fire Magic


You had 15 spell levels left.
You knew the following spells:

 Your Spells              Type           Power        Failure   Level
a - Foxfire               Conj/Fire      100%         1%          1
b - Inner Flame           Hex/Fire       39%          1%          3
c - Fireball              Conj/Fire      26%          3%          5
d - Magic Dart            Conj           100%         1%          1

Your spell library contained the following spells:

 Spells                   Type           Power        Failure   Level
 Static Discharge         Conj/Air       20%          1%          3
 Conjure Flame            Conj/Fire      52%          1%          3
 Sticky Flame             Conj/Fire      52%          1%          4


Dungeon Overview and Level Annotations

Branches:
Dungeon (8/15)             Temple (0/1) D:7
   Lair: D:8-11

Altars:
Cheibriados
Dithmenos
Elyvilon
Fedhas
Gozag
Hepliaklqana
Kikubaaqudgha
Qazlal
Trog
Uskayaw
Vehumet
Xom
Yredelemnul
The Shining One

Shops:
D:5 :*}(

Annotations:
D:4 Dowan


Innate Abilities, Weirdness & Mutations

((You can walk through water.))
((Your dull iron-grey scales are very hard. (AC +12)))
You cannot fit into any form of body armour.
((You can survive without breathing.))
((You are cold-blooded and may be slowed by cold attacks.))


Message History

You sock the two-headed ogre!
The two-headed ogre is moderately wounded.
Something hits you but does no damage. x2
The two-headed ogre hits you but does no damage.
The two-headed ogre hits you with a +0 giant club.
* * * LOW HITPOINT WARNING * * *
Something hits you but does no damage.
You hit something. Something hits you but does no damage.
The two-headed ogre hits you with a +0 giant spiked club.
* * * LOW HITPOINT WARNING * * *
The two-headed ogre barely misses you. Something hits you but does no damage.
Casting: Foxfire (safe; 1% risk of failure)
Confirm with . or Enter, or press ? or * to list all spells.
You feel a surge of power!
You conjure some foxfire!
Something hits you but does no damage.
The foxfire hits something but does no damage.
The two-headed ogre hits you with a +0 giant spiked club.
* * * LOW HITPOINT WARNING * * *
The two-headed ogre hits you with a +0 giant club!
You die...

. . ##### .
.#########...#########....
.#......(.......)OK.......
....######...#.v♣#K###....
...## #...#.###K# .
...#######...#.# #.K
.$†............# #KK#
.####....#....## #KK# .
###......## #KK# .
##.....# #.## . ..... $
....


You could see a two-headed ogre and a kobold.

Vanquished Creatures
  Pikel (D:6)
  Joseph (D:8)
  Maggie (D:7)
  A troll (D:10)
  A steam dragon (D:8)
  A water moccasin (D:6)
  An ice beast (D:5)
  A necrophage (D:7)
  2 centaurs (D:5)
  4 phantoms
  2 lemures (D:6)
  A gnoll sergeant (D:7)
  4 bullfrogs
  A water moccasin skeleton (D:7)
  5 killer bees (D:8)
  3 scorpions
  A centaur zombie (D:10)
  A jelly (D:8)
  2 orc priests
  3 hounds
  A bullfrog skeleton (D:5)
  5 orc wizards
  6 worker ants
  2 killer bee zombies
  2 hound skeletons (D:6)
  9 gnolls
  2 howler monkey skeletons
  14 adders
  4 river rats (D:5)
  A white imp (D:7)
  2 ufetubi
  2 oozes (D:1)
  5 worms
  A dart slug (D:1)
  5 leopard geckos
  16 orcs
  3 ball pythons
  5 bats
  2 giant cockroaches
  7 goblins
  10 hobgoblins
  5 jackals
  11 kobolds
  2 quokkas
  2 ball python skeletons
  4 frilled lizards
  A leopard gecko skeleton (D:7)
  A leopard gecko zombie (D:8)
  9 rats
176 creatures vanquished.

Vanquished Creatures (collateral kills)
  2 foxfires (D:5)
2 creatures vanquished.

Vanquished Creatures (others)
  752 foxfires
  46 plants (D:5)
  A withered plant (D:4)
799 creatures vanquished.

Grand Total: 977 creatures vanquished

Notes
Turn   | Place    | Note
-------+----------+-------------------------------------------
     0 | D:1      | funkygono the Draconian Fire Elementalist began the quest
                  | for the Orb.
     0 | D:1      | Reached XP level 1. HP: 14/14 MP: 3/3
   179 | D:1      | Reached XP level 2. HP: 20/20 MP: 1/5
   921 | D:1      | Reached XP level 3. HP: 26/26 MP: 4/6
   925 | D:1      | Learned a level 3 spell: Inner Flame
  1566 | D:2      | Found a shadowy altar of Dithmenos.
  1709 | D:2      | Found a radiant altar of Vehumet.
  1719 | D:2      | Became a worshipper of Vehumet
  1979 | D:2      | Found a glowing golden altar of the Shining One.
  2255 | D:2      | Reached XP level 4. HP: 33/33 MP: 3/8
  2406 | D:2      | You fall into a shaft and drop 2 floors!
  2708 | D:3      | Found a snail-covered altar of Cheibriados.
  2817 | D:3      | Reached XP level 5. HP: 38/38 MP: 2/9
  3167 | D:3      | Reached * piety under Vehumet
  3167 | D:3      | Offered knowledge of Magic Dart by Vehumet.
  3352 | D:3      | Learned a level 5 spell: Fireball
  3354 | D:3      | Learned a level 1 spell: Magic Dart
  3535 | D:3      | Found a basalt altar of Yredelemnul.
  3590 | D:3      | Found a white marble altar of Elyvilon.
  3713 | D:4      | Found an ancient bone altar of Kikubaaqudgha.
  3903 | D:4      | Noticed Dowan
  4438 | D:5      | Entered Level 5 of the Dungeon
  4516 | D:5      | Found Eleuq's Book Boutique.
  4548 | D:5      | Reached XP level 6. HP: 45/45 MP: 5/11
  4573 | D:5      | Found a shimmering altar of Xom.
  4701 | D:5      | Reached skill level 5 in Fire Magic
  4817 | D:5      | Found Jochoet's Gadget Shoppe.
  4834 | D:5      | Found Eqax's Weapon Emporium.
  4898 | D:5      | Your scales start taking on a dull iron-grey colour.
  4898 | D:5      | Reached XP level 7. HP: 51/51 MP: 1/13
  4898 | D:5      | Gained mutation: You can survive without breathing. [Grey
                  | Draconian growth]
  5000 | D:5      | Found a bloodstained altar of Trog.
  5047 | D:5      | Found an opulent altar of Gozag.
  5090 | D:5      | Found a stormy altar of Qazlal.
  5172 | D:5      | Reached ** piety under Vehumet
  5175 | D:5      | Offered knowledge of Freeze by Vehumet.
  5339 | D:5      | Found a blossoming altar of Fedhas.
  5355 | D:5      | Reached skill level 5 in Spellcasting
  5603 | D:5      | Found Zawnalon's Assorted Antiques.
  5698 | D:5      | Found a hazy altar of Hepliaklqana.
  6046 | D:6      | Reached skill level 1 in Maces & Flails
  6046 | D:6      | Reached XP level 8. HP: 58/58 MP: 8/16
  6117 | D:6      | Reached skill level 1 in Fighting
  6805 | D:6      | Reached skill level 5 in Conjurations
  6889 | D:7      | Noticed Pikel
  6994 | D:7      | Found a staircase to the Ecumenical Temple.
  7075 | D:7      | Offered knowledge of Searing Ray by Vehumet.
  7161 | D:6      | Killed Pikel
  7162 | D:6      | Reached skill level 1 in Hexes
  7162 | D:6      | Reached XP level 9. HP: 36/64 MP: 13/19
  7510 | D:7      | Noticed Maggie
  7538 | D:7      | Killed Maggie
  7769 | D:7      | Reached *** piety under Vehumet
  8081 | D:8      | Noticed Joseph
  8684 | D:8      | Killed Joseph
  8684 | D:8      | Offered knowledge of Static Discharge by Vehumet.
  9054 | D:8      | Found a hide-covered altar of Uskayaw.
  9112 | D:8      | You fall into a shaft and drop 2 floors!
  9112 | D:10     | Entered Level 10 of the Dungeon
  9113 | D:10     | Noticed a troll
  9135 | D:10     | Killed a troll
  9136 | D:10     | Reached XP level 10. HP: 17/73 MP: 22/22
  9253 | D:10     | Noticed a two-headed ogre
  9268 | D:10     | HP: 3/109 [two-headed ogre/+0 giant spiked club (6)]
  9269 | D:10     | HP: 1/109 [two-headed ogre/+0 giant spiked club (2)]
  9269 | D:10     | Mangled by a two-headed ogre

Illustrated notes

Levels and vault maps discovered:
D:1:      matt_arrival_grand_opening, layout_loops_ring,
          serial_co_window_serial, co_window_paths_b, co_window_paths_a,
          co_window_paths_b, co_window_corner_a, co_window_paths_a,
          co_window_paths_c, co_window_2corner, co_window_cross_2,
          co_window_broadway_a, co_window_4corner_b, co_window_sun,
          glass_columns_a, glass_columns_c, glass_columns_a,
          minmay_misc_feat_five
D:2:      layout_loops_cross, old_standard_altar, tso_altar,
          nicolae_dithmenos_through_a_glass_darkly
D:3:      layout_rooms, kennysheep_ying_yang, cheibriados_altar_1
D:4:      layout_loops_cross, kiku_gazebo_garden_becter, uniq_duvessa
D:5:      wad_woods_stonehenge, layout_cave_pools, lemuel_round_altar,
          minitemple, basic_altar, serial_shops, shop,
          nicolae_shop_overgrown_old_shop, shop, nicolae_shop_crystal,
          fedhas_altar_1
D:6:      layout_rooms
D:7:      layout_loops_ring, minmay_temple_entry_slanted, uniq_maggie,
          uniq_pikel
D:8:      layout_loops_ring, basic_altar, uniq_joseph
D:10:     minmay_the_grid_net [minmay_the_grid_broken_lines,
          minmay_the_grid_spin_star, minmay_the_grid_minigrid_small_alt,
          minmay_the_grid_mess, minmay_the_grid_tri_star,
          minmay_the_grid_prize_shrinking_boxes], layout_rooms,
          evilmike_ruin_ashenzari

Skill      XL: |  1  2  3  4  5  6  7  8  9 |
---------------+----------------------------+-----
Fire Magic     | 4 5 6 7 8 |  8.0
Stealth        | 2 |  2.6
Spellcasting   | 3 4 5 6 8 |  8.2
Conjurations   | 2 3 4 5 6 |  6.5
Dodging        | 2 3 |  3.8
Maces & Flails | 1 2 |  2.3
Fighting       | 1 |  1.8
Hexes          | 1 |  1.8

Action                   |  1- 3 |  4- 6 |  7- 9 | 10-12 || total
-------------------------+-------+-------+-------+-------++-------
Melee: Club              |    10 |    27 |       |       ||    37
       Tailslap          |     2 |     3 |     6 |       ||    11
       Unarmed           |     2 |       |       |       ||     2
       Mace              |       |       |   110 |     5 ||   115
 Cast: Foxfire           |    58 |   129 |   248 |     7 ||   442
       Inner Flame       |       |     2 |     6 |       ||     8
       Fireball          |       |       |     8 |       ||     8
  Use: Scroll            |     1 |     6 |     6 |       ||    13
       Potion            |       |       |       |     3 ||     3
 Stab: Sleeping          |       |     1 |       |       ||     1
Armor: Skin              |     5 |     9 |    68 |    27 ||   109
Dodge: Dodged            |    15 |    44 |   221 |     9 ||   289
